 Dungeon Crawl Stone Soup version 0.28.0-53-g5a82cb258f (webtiles) character file.

Game seed: 14578911756408856923

97 SanguineChosen the Covered (level 4, -10/29 HPs)
             Began as a Gargoyle Fighter on July 23, 2022.
             Mangled by an ogre
             ... wielding a +0 giant club
              (17 damage)
             ... on level 4 of the Dungeon.
             The game lasted 00:04:40 (2634 turns).

SanguineChosen the Covered (Gargoyle Fighter)       Turns: 2634, Time: 00:04:42

Health: -10/29     AC: 10    Str: 22    XL:     4   Next: 68%
Magic:  4/4        EV:  9    Int:  8    God:
Gold:   154        SH:  4    Dex:  9    Spells: 3/3 levels left

rFire   . . .      SeeInvis .   a - +0 flail
rCold   . . .      Faith    .   c - +0 buckler
rNeg    + . .      Spirit   .   b - +0 scale mail
rPois   ∞          Reflect  .   (no helmet)
rElec   +          Harm     .   (no cloak)
rCorr   .          Rampage  .   (no gloves)
Will    .....                   (no boots)
Stlth   ..........              m - amulet of the acrobat
HPRegen 0.09/turn               (no ring)
MPRegen 0.09/turn               (no ring)

@: mighty
A: sickness immunity, AC +3, negative energy resistance 1, electricity
resistance, torment resistance 1, petrification resistance
a: no special abilities


You were on level 4 of the Dungeon.
You visited 1 branch of the dungeon, and saw 4 of its levels.

You collected 154 gold pieces.

Inventory:

Hand Weapons
 a - a +0 flail (weapon)
Missiles
 j - 3 poisoned darts (quivered)
Armour
 b - a +0 scale mail (worn)
 c - a +0 buckler (worn)
Jewellery
 m - an amulet of the acrobat (around neck)
Scrolls
 e - 5 scrolls of identify {unknown}
 f - 2 scrolls of amnesia {unknown}
 i - a scroll of holy word {unknown}
 l - a scroll of silence {unknown}
Potions
 g - 2 potions of curing {unknown}
 h - a potion of mutation {unknown}
 k - 2 potions of berserk rage {unknown}


   Skills:
 + Level 3.6 Fighting
 + Level 3.5 Maces & Flails
 + Level 3.9 Armour
 + Level 0.5 Dodging
 + Level 3.6 Shields


You had 3 spell levels left.
You didn't know any spells.
Your spell library contained the following spells:

 Spells                   Type           Power      Damage    Failure   Level
 Animate Armour           Summ/Erth      0%         N/A       100%        4
 Blade Hands              Tmut           0%         N/A       100%        5
 Iron Shot                Conj/Erth      0%         9d1       100%        6


Dungeon Overview and Level Annotations

Branches:
Dungeon (4/15)
 Temple: D:4-7

Altars:
Fedhas
Uskayaw


Innate Abilities, Weirdness & Mutations

You are immune to sickness and miasma.
Your stone body is resilient. (AC +3)
You are immune to poison.
You resist negative energy. (rN+)
You are resistant to electric shocks. (rElec)
You are resistant to unholy torment.
You are immune to petrification.


Message History

The ogre hits you with a +0 giant club. The dart slug launches a dart at you.
You block the slug dart.
You hit the ogre.
The ogre is lightly wounded.
The ogre hits you with a +0 giant club!
Ouch! That really hurt!
The dart slug briefly extends its eye-stalks.
The dart slug launches a dart at you. The slug dart hits you.
You hit the ogre.
The ogre is moderately wounded.
The ogre closely misses you.
You feel very mighty all of a sudden. The dart slug launches a dart at you.
The slug dart hits you but does no damage.
You block the ogre's attack.
You barely miss the ogre.
The ogre is moderately wounded.
The dart slug launches a dart at you.
The slug dart hits you but does no damage.
The ogre barely misses you. The dart slug launches a dart at you.
The slug dart misses you.
You sock the ogre!
The ogre is heavily wounded.
The dart slug launches a dart at you. You block the slug dart.
The dart slug launches a dart at you. The slug dart hits you.
* * * LOW HITPOINT WARNING * * *
The dart slug launches a dart at you. The slug dart misses you.
The ogre closely misses you.
You barely miss the ogre.
The ogre is heavily wounded.
The dart slug launches a dart at you.
The slug dart hits you but does no damage.
The ogre hits you with a +0 giant club!
Ouch! That really hurt!
You die...

##≈≈#≈≈≈≈ ≈#≈#
#≈≈≈≈≈.(.#≈#≈##
.≈≈≈≈.≈$.≈≈≈≈≈.
#≈≈≈≈≈≈≈.#≈≈≈≈≈≈.
≈≈≈≈≈≈≈≈[≈≈≈≈≈≈w≈
≈≈≈≈≈≈≈...≈≈≈≈≈≈≈
.≈≈≈≈≈≈.Ow≈≈≈≈≈≈.
≈w≈≈≈≈≈.@.≈≈≈≈≈≈≈
≈≈≈≈≈≈≈≈!≈≈≈≈≈≈≈≈
#w≈≈≈≈≈..#≈#≈≈≈##
.≈##≈≈!.<≈≈≈≈w..
#≈≈≈≈≈♣♣#≈≈≈≈≈..
##≈≈≈≈ #≈≈≈..!
.....≈≈ ≈.....
##..##≈ #.... ###
## ##).


You could see an ogre and 5 dart slugs.

Vanquished Creatures
  A killer bee zombie (D:3)
  A howler monkey zombie (D:3)
  A worm (D:2)
  2 dart slugs
  An orc (D:3)
  5 ball pythons (D:1)
  7 bats
  4 endoplasms
  4 giant cockroaches
  4 goblins
  5 hobgoblins
  4 jackals (D:3)
  7 kobolds
  3 quokkas
  4 frilled lizards
  A jackal skeleton (D:3)
  2 rats
56 creatures vanquished.

Notes
Turn   | Place    | Note
-------+----------+-------------------------------------------
     0 | D:1      | SanguineChosen the Gargoyle Fighter began the quest for the
                  | Orb.
     0 | D:1      | Reached XP level 1. HP: 14/14 MP: 1/1
    97 | D:1      | Reached XP level 2. HP: 19/19 MP: 2/2
   201 | D:1      | Found a faded altar of an unknown god.
   809 | D:1      | Reached XP level 3. HP: 23/23 MP: 3/3
  1045 | D:2      | Found a hide-covered altar of Uskayaw.
  2176 | D:3      | Found a blossoming altar of Fedhas.
  2179 | D:3      | Reached XP level 4. HP: 29/29 MP: 4/4
  2303 | D:3      | Found a hide-covered altar of Uskayaw.
  2623 | D:4      | Noticed an ogre
  2634 | D:4      | Mangled by an ogre

Illustrated notes

Levels and vault maps discovered:
D:1:      erik_arrival_blinker_ship, layout_rooms, basic_ecumenical_altar,
          minmay_pentomino_r2
D:2:      layout_loops_ring, basic_altar
D:3:      layout_basic, lemuel_crystal_altar,
          mainiacjoe_overflow_concentric_impassable
D:4:      kennysheep_slugbush, layout_loops_corners, uniq_grinder,
          uniq_blork_the_orc

Skill      XL: |  1  2  3 |
---------------+----------+-----
Maces & Flails | 3 |  3.5
Fighting       | |  3.6
Armour         | |  3.9
Dodging        | |  0.5
Shields        | |  3.6

Action                   |  1- 3 |  4- 6 || total
-------------------------+-------+-------++-------
Melee: Flail             |   150 |    81 ||   231
  Use: Potion            |       |     1 ||     1
Armor: Scale mail        |   116 |    54 ||   170
Dodge: Dodged            |   105 |    54 ||   159
Block: Buckler           |    35 |    15 ||    50
